 Dungeon Crawl Stone Soup version 0.17-a0-2231-gd80ca38 (webtiles) character file.

38 Gingerlord the Insei (level 3, 0/28 HPs)
             Began as a Draconian Transmuter on Nov 2, 2015.
             Slain by Crazy Yiuf
             ... wielding a +3 quarterstaff of chaos
              (12 damage)
             ... on level 2 of the Dungeon.
             The game lasted 00:03:42 (1567 turns).

Gingerlord the Insei (Draconian Transmuter)         Turns: 1567, Time: 00:03:42

Health: 0/28       AC:  6    Str: 12    XL:     3   Next: 25%
Magic:  15/15      EV: 12    Int: 13    God:
Gold:   44         SH:  0    Dex: 12    Spells: 1 memorised, 5 levels left

rFire  . . .     SeeInvis .       - Unarmed
rCold  . . .     Clarity  .     (armour unavailable)
rNeg   . . .     SustAt   .     (no shield)
rPois  .         Gourm    .     (helmet restricted)
rElec  .         Spirit   .     h - +0 cloak
rCorr  .         Warding  .     (no gloves)
rMut   .         Stasis   .     (no boots)
MR     .....                    (no amulet)
Stlth  +.........               (no ring)
                                l - ring of magical power

@: not resistant to hostile enchantments, very unstealthy
A: unfitting armour, cold-blooded, AC +5
a: no special abilities


You were on level 2 of the Dungeon.
You were not hungry.

You visited 1 branch of the dungeon, and saw 2 of its levels.

You collected 44 gold pieces.

Inventory:

Missiles
 a - 29 arrows
Armour
 h - a +0 cloak (worn)
Jewellery
 l - a ring of magical power (left hand)
Scrolls
 e - a scroll of identify
 i - a scroll of recharging {unknown}
Potions
 j - a potion of haste {unknown}
 n - a potion of heal wounds {unknown}
Books
 b - a book of Changes

   Spells                             Type                      Level
   a - Beastly Appendage              Transmutation                1
   b - Sticks to Snakes               Transmutation                2
   c - Spider Form                    Transmutation/Poison         3
   d - Ice Form                       Ice/Transmutation            4
   e - Blade Hands                    Transmutation                5
Comestibles
 c - a bread ration
 d - a chunk of flesh
 g - 2 fruits
 k - a royal jelly


   Skills:
 + Level 1.4 Fighting
 + Level 2.2 Dodging
 + Level 3.1 Unarmed Combat
 + Level 2.4 Spellcasting
 + Level 2.6 Transmutations


You had 5 spell levels left.
You knew the following spells:

 Your Spells              Type           Power        Failure   Level  Hunger
a - Beastly Appendage     Trmt           #.....       10%         1    #......


Dungeon Overview and Level Annotations

Branches:
Dungeon (2/15)

Altars:

Annotations:
D:2 Crazy Yiuf


Innate Abilities, Weirdness & Mutations

Your plain brown scales are hard (AC +5).
Your body does not fit into most forms of armour.
You are cold-blooded and may be slowed by cold attacks.


Message History

You feel sick. Crazy Yiuf misses you.
You closely miss Crazy Yiuf.
Crazy Yiuf is heavily wounded.
Crazy Yiuf hits you but does no damage.
You hit Crazy Yiuf but do no damage. You claw Crazy Yiuf, but do no damage.
Crazy Yiuf is heavily wounded.
Crazy Yiuf hits you but does no damage.
You hit Crazy Yiuf. You claw Crazy Yiuf, but do no damage.
You tail-slap Crazy Yiuf, but do no damage.
Crazy Yiuf is heavily wounded.
You feel sick.
You hit Crazy Yiuf. You tail-slap Crazy Yiuf.
Crazy Yiuf is almost dead.
Your talons disappear.
Crazy Yiuf hits you with a quarterstaff of chaos.
* * * LOW HITPOINT WARNING * * *
It was a potion of curing.
You feel better.
Crazy Yiuf says, "Rifle eyeball ladder!"
Crazy Yiuf hits you with a quarterstaff of chaos!
You die...

#....###.#
*####...
##..## #.#
##...##.
♣....♣
#.###.......
♣♣...♣
#..........#
♣♣.♣♣
#.##.......#
♣♣.♣
#.##......).
♣.♣♣
#.##........
♣♣.♣
#.##........
♣@♣♣
#.###.....#.
*#g#*
#.#*##...##.
*...*
#..,*#####*.
#...#
#.#,,,,,***.
#)..#
*,*****,,**,
#####
*,,,****,<,,
***,,***,,,,
******,,,,,,,,
*,,,,,,,,*,,,,


You could see Crazy Yiuf.

Vanquished Creatures
  An adder (D:2)
  2 worms (D:2)
  A giant gecko (D:1)
  3 giant cockroaches
  2 goblins (D:1)
  A hobgoblin (D:2)
  3 jackals (D:1)
  3 kobolds
  A quokka (D:2)
  2 bats (D:1)
  2 giant newts (D:1)
  2 rats
23 creatures vanquished.

Vanquished Creatures (others)
  A goblin (D:1)
  A ball python (D:1)
2 creatures vanquished.

Grand Total: 25 creatures vanquished

Notes
Turn   | Place    | Note
--------------------------------------------------------------
     0 | D:1      | Gingerlord the Draconian Transmuter began the quest for the Orb.
     0 | D:1      | Reached XP level 1. HP: 16/16 MP: 3/3
   579 | D:1      | Reached XP level 2. HP: 21/23 MP: 5/5
  1414 | D:2      | Reached XP level 3. HP: 24/28 MP: 6/6
  1549 | D:2      | Noticed Crazy Yiuf
  1567 | D:2      | Slain by Crazy Yiuf

Vault maps used:
D:1:      dpeg_arrival_erosion, wad_floor_pattern_untrapped, lemuel_old_faithful
D:2:      serial_forest, infiniplex_forest_straight_3, infiniplex_forest_end_2,
          infiniplex_forest_clump_small, infiniplex_forest_lined_1,
          infiniplex_forest_straight_2, first_bread, uniq_crazy_yiuf_cottage,
          uniq_natasha

Action                   || total
-------------------------++-------
Melee: Unarmed           ||   124
 Cast: Beastly Appendage ||     2
  Use: Scroll            ||     4
       Potion            ||     2
 Stab: Sleeping          ||     1
  Eat: Chunk             ||     2
